 Dungeon Crawl Stone Soup version 0.29.1-2-gbd0b4ee654 (webtiles) character file.

Game seed: 2076164053911792791

64105 PhantomBowie the Bludgeoner (level 14, 0/133 HPs)
             Began as a Minotaur Berserker on Nov 17, 2022.
             Was the Champion of Trog.
             Slain by a black mamba (6 damage)
             ... on level 5 of the Lair of Beasts on Nov 20, 2022.
             The game lasted 01:33:17 (17143 turns).

PhantomBowie the Bludgeoner (Minotaur Berserker)   Turns: 17143, Time: 01:33:18

Health: 0/133      AC: 27    Str: 25    XL:     14   Next: 70%
Magic:  13/13      EV: 12    Int:  4    God:    Trog [******]
Gold:   1355       SH: 13    Dex: 15    Spells: 13/13 levels left

rFire   + . .      SeeInvis .   R - +9 eveningstar of Qyox {vorpal, *Rage rC+ Dex+3}
rCold   + + .      Faith    .   H - +0 kite shield
rNeg    + . .      Spirit   .   o - +0 plate armour
rPois   .          Reflect  .   f - +2 hat {Stlth+}
rElec   .          Harm     .   I - scarf {rC+ rF+}
rCorr   .          Rampage  .   l - +0 pair of gloves
Will    +++..      Rage     20% G - +2 pair of boots {Stlth+}
Stlth   ..........              x - amulet of regeneration
HPRegen 2.12/turn               T - ring of positive energy
MPRegen 0.13/turn               Q - +4 ring of protection

@: lethally poisoned (0 -> -42), about to teleport, strong-willed, regenerating
A: horns 2, retaliatory headbutt
a: Renounce Religion, Berserk, Trog's Hand, Brothers in Arms


You were on level 5 of the Lair of Beasts.
You worshipped Trog.
Trog was exalted by your worship.
You visited 3 branches of the dungeon, and saw 17 of its levels.

You collected 1535 gold pieces.
You spent 180 gold pieces at shops.

Inventory:

Hand Weapons
 D - a +2 vorpal demon whip
 R - the +9 eveningstar of Qyox (weapon) {vorpal, *Rage rC+ Dex+3}
   (You found it on level 10 of the Dungeon)

   It inflicts extra damage upon your enemies.
   Dex:       It affects your dexterity (+3).
   rC:        It protects you from cold.
   *Rage:     It berserks you when you make melee attacks (+20% chance).
Missiles
 a - 20 poisoned darts
 s - 5 datura-tipped darts
 E - 2 curare-tipped darts (quivered)
Armour
 f - a +2 hat of stealth (worn)
 l - a +0 pair of gloves (worn)
 o - a +0 plate armour (worn)
 G - a +2 pair of boots of stealth (worn)
 H - a +0 kite shield (worn)
 I - a scarf of resistance (worn)
Jewellery
 i - a ring of protection from cold
 j - a ring of protection from fire
 x - an amulet of regeneration (around neck)
 y - a ring of poison resistance
 Q - a +4 ring of protection (right hand)
 T - a ring of positive energy (left hand)
Wands
 v - a wand of light (14)
 z - a wand of polymorph (2)
 F - a wand of mindburst (2)
 P - a wand of roots (13)
 S - a wand of flame (14)
 Y - a wand of paralysis (4)
Scrolls
 b - 4 scrolls of magic mapping
 c - 2 scrolls of acquirement {unknown}
 e - 5 scrolls of immolation
 k - 6 scrolls of enchant weapon
 m - 4 scrolls of fog
 r - 4 scrolls of noise {unknown}
 t - 3 scrolls of vulnerability
 u - 6 scrolls of poison
 A - 4 scrolls of summoning
 J - 2 scrolls of blinking
 L - 7 scrolls of teleportation
 N - 4 scrolls of fear
 O - a scroll of silence {unknown}
 W - a scroll of torment {unknown}
Potions
 d - 5 potions of mutation
 g - 2 potions of berserk rage {unknown}
 h - 6 potions of flight
 n - 11 potions of ambrosia
 p - 3 potions of heal wounds
 q - 10 potions of curing
 w - 5 potions of haste
 B - 4 potions of might
 C - 6 potions of attraction
 K - a potion of magic {unknown}
 M - a potion of experience {unknown}
 U - 2 potions of cancellation {unknown}
 V - 2 potions of resistance {unknown}
 X - a potion of invisibility {unknown}


   Skills:
 + Level 14.9 Fighting
 + Level 15.8 Maces & Flails
 + Level 14.3 Armour
 + Level 12.3 Dodging
 - Level 0.5 Stealth
 + Level 13.1 Shields


You had 13 spell levels left.
You didn't know any spells.
Your spell library was empty.

Dungeon Overview and Level Annotations

Branches:
Dungeon (11/15)            Temple (1/1) D:6            Lair (5/5) D:11
  Swamp (0/4) Lair:3       Spider (0/4) Lair:3        Slime (0/5) Lair:4
    Orc: D:9-12

Altars:
Ashenzari
Cheibriados
Dithmenos
Elyvilon
Fedhas
Gozag
Hepliaklqana
Kikubaaqudgha
Makhleb
Nemelex Xobeh
Okawaru
Qazlal
Ru
Sif Muna
Trog
Uskayaw
Vehumet
Wu Jian
Xom
Yredelemnul
Zin
The Shining One
Jiyva

Shops:
D:2 [


Innate Abilities, Weirdness & Mutations

You have a pair of horns on your head.
You reflexively headbutt those who attack you in melee.


Message History

The redback poisons you!
The black mamba bites you but does no damage.
There are monsters nearby!
You feel much better.
You feel extremely sick. The black mamba closely misses you.
You furiously retaliate!
You headbutt the black mamba.
You block the guardian serpent's attack.
The cane toad stings you but does no damage.
The black mamba bites you but does no damage.
The cane toad stings you!
You are more poisoned.
The cane toad poisons you! You block the redback's attack.
The black mamba barely misses you.
The guardian serpent closely misses you.
The cane toad stings you.
* * * LOW HITPOINT WARNING * * *
The black mamba bites you but does no damage.
You completely miss the redback.
The redback is almost dead.
* * * LOW HITPOINT WARNING * * *
You feel extremely sick. The black mamba closely misses you.
You block the redback's attack. You block the cane toad's attack.
The black mamba bites you but does no damage.
The guardian serpent barely misses you. You furiously retaliate!
You headbutt the guardian serpent! The cane toad barely misses you.
The black mamba bites you but does no damage.
You hit the redback but do no damage.
The redback is almost dead.
* * * LOW HITPOINT WARNING * * *
You feel extremely sick. You block the redback's attack.
You block the black mamba's attack. The cane toad stings you!
* * * LOW HITPOINT WARNING * * *
You are more poisoned.
The cane toad poisons you!
You block the guardian serpent's attack.
The black mamba bites you.
You die...

..#..##....# ##....##÷.....
..#.P.##.... ......#....##..P....
.#.P...##...##....##...##....÷...
##.P....##...#....#...##.........
...#.....##..##..##..##.....#....
...###...†##[[#..#.[##....###...P
.#.P.###.†.##.#.s#.##...###......
...PP..###....#SF###..###........
.##.P....###...s@S#####..........
...........##..FPS.##............
.P.........##..PP..##............
..P.P....#####....#####..........
..#....###..########..###........
.#.P.###...## #.......###......
.#.###....##.:####).##....###....
...#.....##...#..#...##.....#....
.!.P...†##...##..##...##.........


You could see a wolf spider, a guardian serpent, 2 black mambas, 2 cane toads
and a redback.

Vanquished Creatures
  Rupert (Lair:3)
  Gastronok (Lair:3)
  Josephine (Lair:3)
  An ice dragon (Lair:4)
  4 boulder beetles
  Fannar (D:11)
  3 hydras
  A catoblepas (D:10)
  3 two-headed ogres
  5 death yaks
  Urug (Lair:1)
  Nergalle (D:11)
  A lindwurm (Lair:5)
  An ugly thing (D:11)
  3 wolf spiders
  A cyclops (D:11)
  13 elephants
  9 black mambas
  14 cane toads
  Joseph (D:9)
  3 gargoyles (D:10)
  2 rime drakes
  Psyche (D:8)
  7 komodo dragons
  2 trolls
  A queen bee (Lair:2)
  13 polar bears
  3 hornets
  15 blink frogs
  2 raiju (Lair:5)
  4 dream sheep (Lair:5)
  2 slime creatures (Lair:4)
  A jumping spider (Lair:3)
  2 shadows
  2 culicivoras (Lair:3)
  A vampire (D:10)
  6 wraiths
  5 basilisks
  16 wyverns
  2 steam dragons (D:8)
  33 yaks
  A redback (Lair:5)
  4 wargs (Lair:5)
  Menkaure (D:7)
  15 hell hounds (Lair:5)
  17 water moccasins
  3 orc warriors
  13 black bears
  A swamp drake (D:11)
  4 ice beasts
  A sky beast (D:7)
  The ghost of xian the Trooper, an amateur DsAK of Lugonu (D:5)
  An ogre (D:5)
  A centaur (D:7)
  40 wolves
  A phantom (D:7)
  2 kobold brigands
  12 bullfrogs
  4 gnoll sergeants
  2 necrophages (D:5)
  A scorpion (D:4)
  9 wights
  29 killer bees
  An electric eel (D:8)
  5 howler monkeys
  6 jellies
  A crimson imp (D:10)
  4 orc priests
  4 hounds
  2 gnoll boudas
  4 iguanas
  11 orc wizards
  43 gnolls
  6 adders
  10 white imps
  2 ufetubi (D:8)
  2 worms
  A dart slug (D:1)
  33 orcs
  8 endoplasms
  3 giant cockroaches (D:4)
  10 goblins
  6 hobgoblins
  13 jackals (D:5)
  5 quokkas
  9 ball pythons
  3 bats
  11 frilled lizards
  9 kobolds
  22 rats
586 creatures vanquished.

Vanquished Creatures (others)
  35 fungi
  63 plants
98 creatures vanquished.

Grand Total: 684 creatures vanquished

Notes
Turn   | Place    | Note
-------+----------+-------------------------------------------
     0 | D:1      | PhantomBowie the Minotaur Berserker began the quest for the
                  | Orb.
     0 | D:1      | Reached XP level 1. HP: 19/19 MP: 0/0
   149 | D:1      | Found a faded altar of an unknown god.
   319 | D:1      | Reached XP level 2. HP: 23/27 MP: 1/1
   433 | D:1      | Reached skill level 4 in Maces & Flails
   586 | D:1      | Reached XP level 3. HP: 33/33 MP: 2/2
  1065 | D:2      | Reached ** piety under Trog
  1347 | D:2      | Found Yrock's Antique Armour Shop.
  1444 | D:2      | Reached XP level 4. HP: 41/41 MP: 3/3
  2273 | D:3      | Reached *** piety under Trog
  2280 | D:3      | Reached XP level 5. HP: 47/47 MP: 4/4
  2483 | D:3      | Identified the +7 short sword "Ogreslayer" {drain, rPois
                  | Int+2 Stlth+}
  3027 | D:2      | Bought a pair of embroidered boots for 180 gold pieces
  3193 | D:4      | Reached skill level 5 in Fighting
  3348 | D:4      | Reached skill level 5 in Maces & Flails
  3438 | D:4      | Reached XP level 6. HP: 56/56 MP: 5/5
  3563 | D:4      | Found a hide-covered altar of Uskayaw.
  3833 | D:4      | Found an opulent altar of Gozag.
  3932 | D:5      | Entered Level 5 of the Dungeon
  4057 | D:5      | Reached skill level 5 in Armour
  4070 | D:5      | Reached XP level 7. HP: 23/62 MP: 6/6
  4270 | D:5      | Reached skill level 6 in Maces & Flails
  4558 | D:5      | Reached skill level 5 in Dodging
  4630 | D:5      | Found a runed translucent door.
  4632 | D:5      | Noticed xian's ghost (amateur DsAK)
  4661 | D:5      | Killed xian's ghost
  4918 | D:5      | Reached XP level 8. HP: 71/71 MP: 7/7
  5017 | D:5      | Reached **** piety under Trog
  5412 | D:6      | Reached skill level 7 in Maces & Flails
  5728 | D:6      | Found a staircase to the Ecumenical Temple.
  5737 | Temple   | Entered the Ecumenical Temple
  6459 | D:7      | Reached skill level 1 in Shields
  6546 | D:7      | Reached ***** piety under Trog
  6642 | D:7      | Reached XP level 9. HP: 81/81 MP: 8/8
  6706 | D:7      | Reached skill level 8 in Maces & Flails
  7097 | D:7      | Noticed Menkaure
  7105 | D:7      | Killed Menkaure
  7356 | D:8      | Noticed a polar bear
  7359 | D:8      | Noticed Psyche
  7359 | D:8      | Noticed a polar bear
  7383 | D:7      | Killed a polar bear
  7535 | D:8      | Killed a polar bear
  7549 | D:8      | Killed Psyche
  7556 | D:8      | Reached skill level 9 in Maces & Flails
  7648 | D:8      | Reached XP level 10. HP: 91/91 MP: 9/9
  7833 | D:8      | Noticed a two-headed ogre
  7843 | D:8      | Killed a two-headed ogre
  7844 | D:8      | Reached skill level 5 in Shields
  8063 | D:8      | Received a gift from Trog
  8821 | D:9      | Reached skill level 10 in Maces & Flails
  8825 | D:9      | Reached skill level 10 in Fighting
  9362 | D:9      | Noticed Joseph
  9382 | D:9      | Killed Joseph
  9464 | D:10     | Entered Level 10 of the Dungeon
  9468 | D:10     | Identified the +3 leather armour of the Armoured One {rC+
                  | Regen+ MP+9 Int-4}
  9526 | D:10     | Reached skill level 10 in Armour
  9526 | D:10     | Reached XP level 11. HP: 100/100 MP: 10/10
  9526 | D:10     | Noticed a two-headed ogre
  9538 | D:10     | Noticed a catoblepas
  9551 | D:10     | Killed a catoblepas
  9950 | D:10     | Got the +9 eveningstar of Qyox {vorpal, *Rage rC+ Dex+3}
 10198 | D:10     | Received a gift from Trog
 10200 | D:10     | Killed a two-headed ogre
 10540 | D:11     | Reached skill level 11 in Maces & Flails
 10809 | D:11     | Noticed Fannar
 10838 | D:11     | Found a staircase to the Lair.
 10900 | D:11     | Killed Fannar
 10990 | D:11     | Noticed Nergalle
 11000 | D:11     | Killed Nergalle
 11001 | D:11     | Reached skill level 10 in Dodging
 11179 | D:11     | Noticed a white ugly thing
 11189 | D:11     | Killed a white ugly thing
 11494 | D:11     | Noticed a two-headed ogre
 11502 | D:11     | Killed a two-headed ogre
 11561 | Lair:1   | Entered Level 1 of the Lair of Beasts
 11568 | Lair:1   | Reached XP level 12. HP: 110/110 MP: 11/11
 11784 | Lair:1   | Found the +6 shillelagh "Devastator" {shatter}
 11810 | Lair:1   | Noticed Urug
 11838 | Lair:1   | Killed Urug
 12366 | Lair:2   | Noticed a boulder beetle
 12372 | Lair:2   | Killed a boulder beetle
 12439 | Lair:2   | Reached skill level 12 in Maces & Flails
 12561 | Lair:2   | Received a gift from Trog
 12703 | Lair:2   | Identified the +0 leather armour "Sicascho" {rF+ rC- Dex+5}
 12709 | Lair:2   | Noticed a six-headed hydra
 12719 | Lair:2   | Killed a six-headed hydra
 13350 | Lair:3   | Reached skill level 10 in Shields
 13362 | Lair:3   | Noticed Josephine
 13372 | Lair:3   | Killed Josephine
 13556 | Lair:3   | Reached XP level 13. HP: 119/119 MP: 12/12
 13618 | Lair:3   | Found a staircase to the Swamp.
 13657 | Lair:3   | Noticed Rupert
 13695 | Lair:3   | Killed Rupert
 13738 | Lair:3   | Reached skill level 13 in Maces & Flails
 13766 | Lair:3   | Noticed Gastronok
 13776 | Lair:3   | Killed Gastronok
 13803 | Lair:3   | Received a gift from Trog
 14262 | Lair:3   | Found a hole to the Spider Nest.
 14498 | Lair:4   | Found a staircase to the Slime Pits.
 14498 | Lair:4   | Found a viscous altar of Jiyva.
 14906 | Lair:4   | Reached skill level 14 in Maces & Flails
 15370 | Lair:5   | Entered Level 5 of the Lair of Beasts
 15671 | Lair:5   | Received a gift from Trog
 15782 | Lair:4   | Reached XP level 14. HP: 118/132 MP: 13/13
 16182 | Lair:5   | Reached skill level 15 in Maces & Flails
 16508 | Lair:5   | Reached ****** piety under Trog
 16636 | Lair:5   | Received a gift from Trog
 17143 | Lair:5   | HP: 6/133 [cane toad (14)]
 17143 | Lair:5   | Slain by a black mamba

Illustrated notes

Levels and vault maps discovered:
D:1:      lemuel_arrival_cross, layout_loops_cross,
          shapermc_ecumenical_altar_mp_vishouse
D:2:      layout_basic, serial_shops, nicolae_shop_behind_doors,
          minmay_lizard_pond
D:3:      layout_basic, minmay_rat_hole
D:4:      layout_basic, mainiacjoe_overflow_two_lobes
D:5:      lemuel_castle_with_subvaults [lemuel_castle_interior_carwin_2],
          layout_basic, gammafunk_ghost_grave
D:6:      layout_basic, minmay_temple_entry_overgrown
D:7:      layout_basic, uniq_menkaure
D:8:      layout_loops_ring, serial_ice, serial_ice_g, serial_ice_h,
          serial_ice_k, serial_ice_n, uniq_psyche
D:9:      layout_rooms, uniq_joseph
D:10:     minmay_roctagon, layout_loops_ring, minmay_fire_ice_demons
D:11:     layout_roguey, erik_lair_dragon, minmay_misc_feat_more_columns,
          uniq_fannar, uniq_nergalle
Temple:   mainiacjoe_temple_big_plus
Lair:1:   layout_chaotic_city, uniq_urug
Lair:2:   layout_roguey, special_room [special_room_bee],
          chequers_serial_rivers_micro_d
Lair:3:   layout_chaotic_city, swamp_mist_pool, spider_nest_entry_funnel_web,
          uniq_gastronok, uniq_rupert, uniq_josephine
Lair:4:   layout_misc_corridors, minmay_slime_entry_pillars,
          bobbens_ice_dragon_lair, lemuel_fruit_tree
Lair:5:   hangedman_lair_caniforms_friends, layout_gridlike,
          hangedman_lair_tendril_chambers, infiniplex_staircase_pool_2

Skill      XL: |  1  2  3  4  5  6  7  8  9 10 11 12 13 14 |
---------------+-------------------------------------------+-----
Fighting       | 4 5 6 7 9 10 11 12 14 | 14.9
Maces & Flails | 4 5 6 7 9 10 11 12 14 15 | 15.8
Armour         | 3 4 5 6 7 8 10 11 12 13 14 | 14.3
Dodging        | 3 4 5 6 7 9 10 11 12 | 12.3
Shields        | 2 4 6 8 10 12 13 | 13.1
Stealth        | |  0.5

Action                   |  1- 3 |  4- 6 |  7- 9 | 10-12 | 13-15 || total
-------------------------+-------+-------+-------+-------+-------++-------
Melee: Mace              |    79 |   111 |       |       |       ||   190
       Headbutt          |     8 |    30 |    73 |   133 |    99 ||   343
       Punch             |     1 |     1 |     4 |       |       ||     6
       Flail             |       |    52 |   390 |   353 |       ||   795
       Eveningstar       |       |       |       |   246 |   501 ||   747
Throw: Dart              |       |       |     2 |     2 |     3 ||     7
Invok: Berserk           |       |     2 |     1 |     4 |     1 ||     8
       Trog's Hand       |       |       |       |       |     1 ||     1
  Use: Scroll            |       |     4 |     4 |    10 |     2 ||    20
       Potion            |       |       |       |     2 |     2 ||     4
 Stab: Confused          |       |       |       |     2 |       ||     2
Armor: Animal skin       |     5 |       |       |       |       ||     5
       Plate armour      |    25 |    94 |   251 |   366 |   298 ||  1034
       Skin              |       |       |    52 |       |       ||    52
Dodge: Dodged            |    32 |    58 |   150 |   296 |   251 ||   787
Block: Kite shield       |       |       |   102 |   410 |   366 ||   878
